 Dungeon Crawl Stone Soup version 0.13-a0-2672-g649a1be (webtiles) character file.

2922 Kae the Conjurer (level 9, -9/45 HPs)
             Began as a Tengu Fire Elementalist on Aug 11, 2013.
             Was a Follower of Vehumet.
             Hit by an orcish hand axe of returning thrown by an orc warrior (22 damage)
             ... on Level 8 of the Dungeon.
             The game lasted 00:18:07 (10282 turns).

Kae the Conjurer (Tengu Fire Elementalist)         Turns: 10282, Time: 00:18:07

HP  -9/45        AC  2     Str  8      XL: 9   Next: 66%
MP  13/23        EV 12     Int 19      God: Vehumet [*.....]
Gold 214         SH  0     Dex 15      Spells:  6 memorised,  3 levels left

Res.Fire  : . . .   See Invis. : .   i - -1,-3 whip (curse)
Res.Cold  : . . .   Warding    : .   a - +0 robe
Life Prot.: . . .   Conserve   : .   (no shield)
Res.Poison: .       Res.Corr.  : .   (helmet restricted)
Res.Elec. : .       Clarity    : .   (no cloak)
Sust.Abil.: . .     Spirit.Shd : .   (no gloves)
Res.Mut.  : .       Stasis     : .   (boots unavailable)
Res.Rott. : .       Flight     : .   (no amulet)
Saprovore : . . .                    (no ring)
                                     (no ring)

@: slightly resistant to hostile enchantments, fairly stealthy
A: able to fly, beak, talons 3
a: Fly, Renounce Religion


You were on level 8 of the Dungeon.
You worshipped Vehumet.
Vehumet was pleased with you.
You were not hungry.

You visited 2 branches of the dungeon, and saw 9 of its levels.

You collected 281 gold pieces.
You spent 87 gold pieces at shops.

Inventory:

Hand weapons
 i - a cursed -1,-3 whip (weapon)
Missiles
 v - 77 darts (quivered)
Armour
 a - a +0 robe (worn)
Magical devices
 f - a wand of frost (3)
 p - a wand of frost (0)
 u - a wand of slowing (7) {unknown}
 y - a wand of digging (13) {unknown}
 B - a wand of confusion (2) {unknown}
Comestibles
 c - 3 bread rations
 s - 3 meat rations
 C - an apple
 E - a pear
 I - 4 rotting chunks of orc flesh
Scrolls
 d - 2 scrolls of amnesia {unknown}
 g - 4 scrolls of enchant weapon I {unknown}
 j - a scroll of curse weapon {unknown}
 k - a scroll of curse armour {unknown}
 l - 8 scrolls of identify {unknown}
 n - 4 scrolls of remove curse {unknown}
 o - a scroll of magic mapping {unknown}
 q - 4 scrolls of random uselessness {unknown}
 r - 7 scrolls of teleportation {unknown}
 x - a scroll of enchant weapon II {unknown}
 D - a scroll of blinking {unknown}
 J - a scroll of immolation {unknown}
Potions
 e - a potion of confusion
 m - 2 potions of brilliance
 t - a potion of mutation {unknown}
 w - 3 potions of curing
 z - a potion of berserk rage {unknown}
 A - a potion of agility {unknown}
 G - a potion of flight {unknown}
 H - a potion of degeneration {unknown}
Books
 b - a book of Flames

   Spells                             Type                      Level
   *Flame Tongue                      Conjuration/Fire             1
   *Throw Flame                       Conjuration/Fire             2
   *Conjure Flame                     Conjuration/Fire             3
   Inner Flame                        Hexes/Fire                   3
   *Sticky Flame                      Conjuration/Fire             4
   *Fireball                          Conjuration/Fire             5
 h - a book of Beasts

   Spells                             Type                      Level
   Summon Butterflies                 Summoning                    1
   Sticks to Snakes                   Transmutation                2
   Call Canine Familiar               Summoning                    3
   Ice Form                           Ice/Transmutation            4
   Summon Ice Beast                   Ice/Summoning                4
   Summon Hydra                       Summoning                    7


   Skills:
 - Level 2.1 Dodging
 - Level 2.0 Stealth
 + Level 5.9 Spellcasting
 + Level 9.8 Conjurations
 * Level 9.7 Fire Magic


You had 3 spell levels left.
You knew the following spells:

 Your Spells              Type           Power        Failure   Level  Hunger
a - Flame Tongue          Conj/Fire      #####        1%          1    None
b - Throw Flame           Conj/Fire      #####.       1%          2    None
c - Conjure Flame         Conj/Fire      #####...     1%          3    ##.....
d - Sticky Flame          Conj/Fire      #####...     1%          4    ####...
e - Fireball              Conj/Fire      #####.....   8%          5    #####..
f - Sting                 Conj/Pois      ###.         1%          1    None


Dungeon Overview and Level Annotations

Branches:
Dungeon (8/27)             Temple (1/1) D:7
    Orc: D:6-11        Lair: D:8-13

Altars:
Ashenzari
Cheibriados
Elyvilon
Fedhas
Kikubaaqudgha
Makhleb
Nemelex Xobeh
Okawaru
Sif Muna
Trog
Vehumet
Xom
Yredelemnul
Zin
the Shining One
Beogh

Shops:
D:5: } D:6: *


Innate Abilities, Weirdness & Mutations

You can fly.
You have a beak for a mouth.
You have claws for feet.


Message History

Press: ? - help, Shift-Dir - straight line, f - adder
Aim: an adder The sticky flame hits the adder.
The adder is almost dead.
The adder is covered in liquid flames!
The adder burns!
You kill the adder!
Vehumet accepts your kill.
Casting: Sticky Flame
Confirm with . or Enter, or press ? or * to list all spells.
Aiming: Fireball
Press: ? - help, Shift-Dir - straight line, f - orc warrior
Aim: an orc warrior, wielding an orcish glaive and wearing an orcish plate armour The fireball explodes!
The fireball engulfs the orc warrior.
The orc warrior is lightly wounded.
The orc warrior throws an orcish hand axe of returning.
The orcish hand axe of returning misses you.
The weapon returns to the orc warrior!
The orc warrior throws an orcish hand axe of returning.
The orcish hand axe of returning hits you!
You die...

#...........#
#...........#
#...........#
#...o.......#
#...........#
#...........#
#...%.......#
#...........#
#...@.......#
#...........#
#...........#
#...........#
#...........#
#...........#
#...........#
#...........#
#...........#


You could see an orc warrior.

Vanquished Creatures
  Prince Ribbit (D:7)
  A hippogriff (D:7)
  A necrophage (D:5)
  A yellow wasp (D:5)
  2 sky beasts
  2 ogres
  A phantom (D:5)
  2 ice beasts
  3 giant frogs
  The ghost of elenap21 the Skirmisher, an average NaAK of Lugonu (D:3)
  4 crimson imps
  A goliath beetle (D:7)
  4 orc priests
  An iguana (D:8)
  A giant frog zombie (D:8)
  3 hounds
  6 orc wizards
  2 scorpions (D:4)
  5 worker ants
  Ijyb (D:2)
  A hound zombie (D:5)
  A hound skeleton (D:7)
  A worker ant zombie (D:7)
  3 gnolls (D:4)
  7 adders
  2 worms
  A giant eyeball (D:5)
  An iguana skeleton (D:4)
  3 giant geckos
  An ooze (D:5)
  40 orcs
  11 bats
  4 giant cockroaches
  9 goblins
  10 hobgoblins
  3 jackals (D:6)
  5 quokkas
  3 ball pythons
  5 giant newts
  2 giant spores
  A hobgoblin skeleton (D:7)
  5 kobolds
  A kobold zombie (D:7)
  An orc skeleton (D:5)
  A quokka zombie (D:5)
  12 rats
  26 ballistomycetes
203 creatures vanquished.

Vanquished Creatures (others)
  2 giant spores (D:7)
2 creatures vanquished.

Grand Total: 205 creatures vanquished

Notes
Turn   | Place    | Note
--------------------------------------------------------------
     0 | D:1      | Kae, the Tengu Fire Elementalist, began the quest for the Orb.
     0 | D:1      | Reached XP level 1. HP: 10/10 MP: 3/3
   642 | D:2      | Noticed Ijyb
   771 | D:2      | Killed Ijyb
   771 | D:2      | Reached XP level 2. HP: 7/15 MP: 1/5
   771 | D:2      | Reached XP level 3. HP: 8/19 MP: 1/7
   921 | D:2      | Found a glowing golden altar of the Shining One.
  1395 | D:3      | Noticed elenap21's ghost (average NaAK)
  1399 | D:3      | Reached XP level 4. HP: 24/24 MP: 3/8
  1530 | D:3      | Reached skill level 4 in Fire Magic
  1775 | D:3      | Found a blossoming altar of Fedhas.
  2053 | D:3      | Learned a level 2 spell: Throw Flame
  2057 | D:3      | Learned a level 3 spell: Conjure Flame
  2154 | D:3      | Killed elenap21's ghost
  2360 | D:3      | Reached XP level 5. HP: 22/28 MP: 9/11
  2547 | D:4      | Noticed an ogre
  2555 | D:4      | Killed an ogre
  2555 | D:4      | Reached skill level 5 in Conjurations
  2894 | D:4      | Reached XP level 6. HP: 32/32 MP: 8/14
  3249 | D:4      | Reached skill level 6 in Conjurations
  3786 | D:5      | Entered Level 5 of the Dungeon
  4278 | D:5      | Reached skill level 5 in Fire Magic
  4278 | D:5      | Reached XP level 7. HP: 23/36 MP: 13/16
  4980 | D:5      | Noticed a necrophage
  4985 | D:5      | Killed a necrophage
  4985 | D:5      | Reached skill level 7 in Conjurations
  4987 | D:5      | Found Grauraat's Gadget Shop.
  5628 | D:4      | Reached XP level 8. HP: 23/41 MP: 10/19
  6037 | D:5      | Learned a level 4 spell: Sticky Flame
  6043 | D:5      | Learned a level 5 spell: Fireball
  6119 | D:5      | Reached skill level 8 in Conjurations
  6927 | D:6      | Found Ikhlalah's Assorted Antiques.
  6941 | D:6      | Bought a scroll labeled BLEGAD HEBBA for 30 gold pieces
  6941 | D:6      | Bought a scroll labeled PRAJOMU SCHER for 30 gold pieces
  6941 | D:6      | Bought a red potion for 27 gold pieces
  7444 | D:7      | Found a white marble altar of Elyvilon.
  7446 | D:7      | Noticed Prince Ribbit
  7498 | D:7      | Killed Prince Ribbit
  7660 | D:7      | Reached skill level 5 in Spellcasting
  7660 | D:7      | Reached XP level 9. HP: 45/45 MP: 14/22
  7740 | D:7      | Reached skill level 9 in Conjurations
  8701 | D:7      | Found a staircase to the Ecumenical Temple.
  8711 | Temple   | Entered the Ecumenical Temple
  8746 | Temple   | Became a worshipper of Vehumet
  9708 | D:7      | Found a roughly hewn altar of Beogh.
 10150 | D:8      | Acquired Vehumet's first power
 10150 | D:8      | Offered knowledge of Sting by Vehumet.
 10153 | D:8      | Learned a level 1 spell: Sting
 10282 | D:8      | Hit by an orcish hand axe of returning thrown by an orc warrior

Action                   |  1- 3 |  4- 6 |  7- 9 || total
-------------------------+-------+-------+-------++-------
Melee: Unarmed           |     4 |       |       ||     4
       Whip              |     2 |     7 |   304 ||   313
 Cast: Flame Tongue      |    52 |   106 |   214 ||   372
       Conjure Flame     |       |     4 |     9 ||    13
       Throw Flame       |       |    14 |    58 ||    72
       Sticky Flame      |       |       |     5 ||     5
       Fireball          |       |       |     2 ||     2
Evoke: Wand              |     6 |       |    13 ||    19
  Use: Potion            |     2 |     5 |       ||     7
 Stab: Sleeping          |       |       |     1 ||     1
